 Dungeon Crawl Stone Soup version 0.32-a0-938-g40ac7a0 (webtiles) character file.

Game seed: 16742927645558091909

461 Dorkslayer the Ruffian (level 7, 0/43 HPs)
             Began as an Octopode Shapeshifter on Apr 18, 2024.
             Slain by a phantom (2 damage)
             ... on level 5 of the Dungeon.
             The game lasted 00:07:20 (3164 turns).

Dorkslayer the Ruffian (Octopode Shapeshifter)      Turns: 3164, Time: 00:07:21

Health: 0/43       AC:  1    Str: 16    XL:     7   Next: 7%
Magic:  7/7        EV: 12    Int: 12    God:
Gold:   120        SH:  0    Dex: 11    Spells: 6/6 levels left

rFire   . .          .
                       - Unarmed
rCold   . . .        (no shield)
rNeg    . . .        (helmet currently unavailable)
rPois   .            (no amulet)
rElec   .            (no ring)
rCorr   .            (no ring)
SInv    .            (no ring)
Will    .....        (no ring)
Stlth   +++          (no ring)
HPRegen 0.27/turn    (no ring)
MPRegen 0.10/turn    (no ring)
                     (no ring)

%: no passive effects
@: lethally poisoned (0 -> -5), beast-form, weak-willed
A: beast (slay +2), almost no armour, amphibious, 8 rings, camouflage 1,
gelatinous body 1, (nimble swimmer 1), tentacles
a: Begin Untransformation


You were on level 5 of the Dungeon.
You were a hulking beast.
You visited 1 branch of the dungeon, and saw 5 of its levels.

You collected 192 gold pieces.
You spent 72 gold pieces at shops.

Inventory:

Talismans
 b - a beast talisman (active)
 c - a flux talisman
Wands
 j - a wand of flame (28)
Scrolls
 e - a scroll of vulnerability
 f - a scroll of poison {unknown}
 g - 2 scrolls of revelation {unknown}
 h - 5 scrolls of identify {unknown}
 i - a scroll of fog {unknown}
 l - a scroll of enchant armour {unknown}
Potions
 a - 2 potions of lignification
 d - a potion of haste {unknown}


   Skills:
 + Level 1.6 Fighting
 + Level 2.5 Dodging
 + Level 4.1 Stealth
 * Level 5.7 Unarmed Combat
 * Level 2.3 Evocations
 + Level 3.7 Shapeshifting


You had 6 spell levels left.
You didn't know any spells.
Your spell library contained the following spells:

 Spells                   Type           Power      Damage    Failure   Level
 Sting                    Conj/Alch      0%         1d3       32%         1
 Mercury Vapours          Alch/Air       0%         N/A       45%         2
 Summon Ice Beast         Ice/Summ       0%         N/A       69%         3
 Olgreb's Toxic Radiance  Alch           0%         N/A       97%         4
 Summon Mana Viper        Hex/Summ       0%         N/A       100%        5
 Monstrous Menagerie      Summ           0%         N/A       100%        7


Dungeon Overview and Level Annotations

Branches:
Dungeon (5/15)
 Temple: D:4-7

Altars:
Qazlal
Xom

Shops:
D:1 !([   D:4 (


Innate Abilities, Weirdness & Mutations

You are a hulking beast.
Your limbs bulge with bestial killing power. (Slay +2)
You cannot wear most types of armour.
You are amphibious.
You can wear up to eight rings at the same time.
Your skin changes colour to match your surroundings (Stealth+).
Your rubbery body absorbs attacks. (AC +1, EV +1)
((You are camouflaged when in or above water. (Stealth+)))
You have tentacles for arms and can constrict up to eight enemies at once.


Message History

You bludgeon the yak!
You kill the yak!
Your Stealth skill increases to level 4!
Your Evocations skill increases to level 2!
You have reached level 7!
You closely miss the yak. The yak closely misses you.
You bludgeon the yak!
The yak is lightly wounded.
You completely miss the yak. Your squeeze misses the yak.
The yak is lightly wounded.
The yak gores you!
You tentacle-slap the yak but do no damage.
The yak is lightly wounded.
The kobold misses you. The yak gores you.
You barely miss the yak.
Your tentacle-slap misses the yak.
The yak is lightly wounded.
A phantom comes into view.
The yak gores you!
* * * LOW HITPOINT WARNING * * *
Unknown command.
You closely miss the kobold. You grab the kobold. You constrict the kobold.
You kill the kobold!
The yak barely misses you.
The kobold brigand throws a poisoned dart.
The poisoned dart closely misses you.
You bludgeon the phantom!
The phantom is moderately damaged.
The phantom hits you.
* * * LOW HITPOINT WARNING * * *
The yak misses you.
Unknown command.
You bludgeon the phantom!
The phantom is heavily damaged.
The kobold brigand throws a poisoned dart.
The poisoned dart hits you.
You are poisoned.
The yak gores you!
* * * LOW HITPOINT WARNING * * *
The phantom hits you.
You die...

### ... #.#
##.## .
.K.#
....####..#


$..YYYYhW.# .##K#####<# #.# #.. #### You could see 4 yaks, a kobold brigand, a
phantom and a kobold.

Vanquished Creatures
  A yak (D:5)
  A water moccasin (D:4)
  A sleepcap (D:4)
  A hound (D:4)
  An iguana (D:4)
  Jessica (D:2)
  Robin (D:3)
  6 ribbon worms
  2 dart slugs
  6 ball pythons
  7 endoplasms (D:1)
  3 giant cockroaches
  14 goblins
  10 hobgoblins
  9 kobolds
  4 quokkas
  2 bats
  2 frilled lizards (D:1)
  2 rats (D:1)
74 creatures vanquished.

Notes
Turn   | Place    | Note
-------+----------+-------------------------------------------
     0 | D:1      | Dorkslayer the Octopode Shapeshifter began the quest for
                  | the Orb.
     0 | D:1      | Reached XP level 1. HP: 13/13 MP: 1/1
    42 | D:1      | Found Meedi Nimuc's Distillery.
    45 | D:1      | Bought a potion of degeneration for 12 gold pieces
   161 | D:1      | Reached XP level 2. HP: 15/18 MP: 2/2
   184 | D:1      | Found Dapati's Weapon Shop.
   514 | D:1      | Reached XP level 3. HP: 22/23 MP: 3/3
   521 | D:1      | Found Ucsarueg's Armour Emporium.
   846 | D:2      | Noticed Jessica
   853 | D:2      | Killed Jessica
   854 | D:2      | Reached skill level 1 in Stealth
   854 | D:2      | Reached skill level 4 in Unarmed Combat
   854 | D:2      | Reached XP level 4. HP: 28/28 MP: 4/4
  1206 | D:2      | You fall into a shaft and drop 1 floor!
  1489 | D:1      | Bought a potion of heal wounds for 60 gold pieces
  1739 | D:3      | Found a shimmering altar of Xom.
  1788 | D:3      | Noticed Robin
  1816 | D:3      | Killed Robin
  1900 | D:3      | Found a faded altar of an unknown god.
  1905 | D:3      | Reached XP level 5. HP: 21/33 MP: 5/5
  1975 | D:3      | Reached skill level 1 in Evocations
  2431 | D:4      | Found Pijodup's Weapon Shop.
  2458 | D:4      | Found a stormy altar of Qazlal.
  2535 | D:4      | Noticed a water moccasin
  2543 | D:4      | Killed a water moccasin
  2544 | D:4      | Reached skill level 5 in Unarmed Combat
  2544 | D:4      | Reached XP level 6. HP: 9/38 MP: 6/6
  3143 | D:5      | Entered Level 5 of the Dungeon
  3143 | D:5      | Noticed a yak
  3144 | D:5      | Noticed a yak
  3144 | D:5      | Noticed a yak
  3145 | D:5      | Noticed a yak
  3145 | D:5      | Noticed a yak
  3148 | D:5      | Noticed a yak
  3156 | D:5      | Killed a yak
  3157 | D:5      | Reached XP level 7. HP: 37/43 MP: 7/7
  3164 | D:5      | HP: 2/43 [yak (7)]
  3164 | D:5      | Slain by a phantom

Illustrated notes

Levels and vault maps discovered:
D:1:      onia_arrival_mini_spirals, layout_basic, serial_shops, shop,
          nicolae_shop_tiny_waterfront, nicolae_shop_window_shopping,
          kennysheep_decorative_pillar
D:2:      layout_loops_cross, minmay_tiny_reverse_x, uniq_jessica
D:3:      layout_rooms, mainiacjoe_overflow_cross_hatched, serial_corexii_hall,
          chequers_hall_statues_y, corexii_hall_statues_l,
          hellmonk_ecumenical_altar_crossroads, uniq_robin
D:4:      layout_basic, mainiacjoe_overflow_24_doors,
          nicolae_inconvenience_store, serial_park_tiny_pond
D:5:      layout_loops_ring, cheibrodos_worm_habitat,
          nicolae_hepliaklqana_hippocampus, serial_undead, serial_undead_e,
          serial_undead_c, serial_undead_b, serial_undead_f

Skill      XL: |  1  2  3  4  5  6 |
---------------+-------------------+-----
Stealth        | 1 2 3 4 |  4.1
Unarmed Combat | 4 5 |  5.7
Evocations     | 1 2 |  2.3
Fighting       | |  1.6
Dodging        | |  2.5
Shapeshifting  | |  3.7

Action                     |  1- 3 |  4- 6 |  7- 9 || total
---------------------------+-------+-------+-------++-------
  Melee: Unarmed           |    41 |    99 |     8 ||   148
         Tentacles         |    11 |    14 |       ||    25
         Constrict         |    10 |    19 |     1 ||    30
         Punch             |     1 |     2 |       ||     3
    Use: Potion            |       |     3 |       ||     3
         Scroll            |       |     1 |       ||     1
   Stab: Sleeping          |     5 |    14 |       ||    19
         Distracted        |       |     1 |       ||     1
 Armour: Skin              |    11 |    57 |     6 ||    74
  Dodge: Dodged            |    17 |    46 |     5 ||    68

Table legend: (Time is in decaauts)
 A = Elapsed time spent in this place.
 B = Non-inter-level travel time spent in this place.
 C = Inter-level travel time spent in this place.
 D = Time resting spent in this place.
 E = Time spent auto-exploring this place.
 F = Levels seen in this place.
 G = Mean time per level.
                   A        B        C        D        E       F      G
               +--------+--------+--------+--------+--------+-----+--------+
         Total |   3153 |   3054 |     99 |     46 |   2070 |   5 |  630.6 |
       Dungeon |   3153 |   3054 |     99 |     46 |   2070 |   5 |  630.6 |
               +--------+--------+--------+--------+--------+-----+--------+

Top non-repeatable levels by time:
     D:4: 985 daAuts
     D:1: 912 daAuts
     D:3: 623 daAuts
     D:2: 613 daAuts
     D:5: 19 daAuts
